 Dungeon Crawl Stone Soup version 0.23-a0-241-g3b46b076a4 (webtiles) character file.

49 PikkenKukken the Insei (level 3, -2/26 HPs)
             Began as a Merfolk Transmuter on Sept 28, 2018.
             Slain by an adder (3 damage)
             ... on level 2 of the Dungeon.
             The game lasted 00:03:54 (2433 turns).

PikkenKukken the Insei (Merfolk Transmuter)         Turns: 2433, Time: 00:03:54

Health: -2/26      AC:  2    Str: 10    XL:     3   Next: 75%
Magic:  1/6        EV: 13    Int: 13    God:
Gold:   89         SH:  0    Dex: 14    Spells: 3/6 levels left

rFire    . . .     SeeInvis .     - Unarmed
rCold    . . .     Gourm    .   (no shield)
rNeg     . . .     Faith    .   b - +0 robe
rPois    .         Spirit   .   (no helmet)
rElec    .         Reflect  .   (no cloak)
rCorr    .         Harm     .   (no gloves)
MR       .....                  (no boots)
Stlth    +.........             (no amulet)
HPRegen  0.08/turn              (no ring)
MPRegen  0.10/turn              (no ring)

@: lethally poisoned (-2 -> -9), hasted, very quick
A: change form in water, swift swim, stealthy swim
a: no special abilities


You were on level 2 of the Dungeon.
You were hungry.

You visited 1 branch of the dungeon, and saw 2 of its levels.

You collected 89 gold pieces.

Inventory:

Missiles
 a - 34 arrows
Armour
 b - a +0 robe (worn)
Scrolls
 c - a scroll of amnesia {unknown}
 e - 3 scrolls of identify
 g - a scroll of remove curse
Potions
 h - a potion of haste
Comestibles
 d - 4 rations


   Skills:
 - Level 1.1 Fighting
 - Level 2.6 Dodging
 + Level 5.0 Unarmed Combat
 - Level 2.0 Spellcasting
 - Level 2.6 Transmutations


You had 3 spell levels left.
You knew the following spells:

 Your Spells              Type           Power        Failure   Level  Hunger
a - Beastly Appendage     Tmut           #.....       9%          1    ##.....
b - Sticks to Snakes      Tmut           #.......     13%         2    ###....

Your spell library contained the following spells:

 Spells                   Type           Power        Failure   Level  Hunger
 Spider Form              Tmut/Pois      #.........   41%         3    ####...
 Ice Form                 Ice/Tmut       #.......     82%         4    #####..
 Blade Hands              Tmut           #.........   93%         5    ######.


Dungeon Overview and Level Annotations

Branches:
Dungeon (2/15)

Altars:

Annotations:
D:2 Sigmund


Message History

Sigmund points at you and mumbles some strange words.
The magic dart hits your ball python.
Your ball python dies!
You feel sick.
Sigmund points at you and mumbles some strange words.
The puff of flame hits you!
* * * LOW HITPOINT WARNING * * *
An adder comes into view.
The adder barely misses you.
The adder hisses angrily.
* * * LOW HITPOINT WARNING * * *
You feel sick.
Unknown command.
You closely miss the adder.
* * * LOW HITPOINT WARNING * * *
You feel sick. The adder barely misses you.
You hit the adder.
The adder is moderately wounded.
The adder bites you.
You die...

#.......8.......+###.....
#....#.....##S...@......
#....##...........w.#.########
#....###.####.......# #.......
####....# #.#
#.........#.#####. #.......#
#.# #.#########.......
#.....### #.# #l# ########.
#.....# #.# #S# .........
#.....# #.# #@# ########.
#.....# #.# #S# ########.
#.....# #.# #.# .........
#.....# #.# #####... #.....#
#.. #.## #.....#####. ### #.#
#........... #.# #.....#####
#.# #.>...# #.#


You could see 2 adders, a frilled lizard and a friendly ball python (confused).

Vanquished Creatures
  2 worms (D:2)
  A dart slug (D:2)
  4 giant cockroaches
  3 goblins
  5 hobgoblins
  3 bats
  2 frilled lizards (D:1)
  5 kobolds
  4 rats
29 creatures vanquished.

Vanquished Creatures (collateral kills)
  2 adders (D:2)
2 creatures vanquished.

Grand Total: 31 creatures vanquished

Notes
Turn   | Place    | Note
-------+----------+-------------------------------------------
     0 | D:1      | PikkenKukken the Merfolk Transmuter began the quest for the
                  | Orb.
     0 | D:1      | Reached XP level 1. HP: 15/15 MP: 3/3
   247 | D:1      | Reached XP level 2. HP: 18/21 MP: 1/5
   264 | D:1      | Learned a level 2 spell: Sticks to Snakes
   317 | D:1      | Reached skill level 4 in Unarmed Combat
  1236 | D:2      | Reached XP level 3. HP: 9/26 MP: 3/6
  2301 | D:2      | Reached skill level 5 in Unarmed Combat
  2313 | D:2      | Found a faded altar of an unknown god.
  2409 | D:2      | Noticed Sigmund
  2432 | D:2      | HP: 1/26 [poisoned by an adder]
  2433 | D:2      | Slain by an adder

Vault maps used:
D:1:      dpeg_arrival_court
D:2:      chequers_ecumenical_altar_simple, uniq_sigmund

Skill      XL: |  1  2  3 |
---------------+----------+-----
Unarmed Combat | 4 5 |  5.0
Fighting       | |  1.1
Dodging        | |  2.6
Spellcasting   | |  2.0
Transmutations | |  2.6

Action                   || total
-------------------------++-------
Melee: Unarmed           ||   106
       Headbutt          ||     9
       Punch             ||     1
 Cast: Beastly Appendage ||    20
       Sticks to Snakes  ||     9
  Use: Scroll            ||     5
       Potion            ||     1
 Stab: Sleeping          ||     1
  Eat: Chunk             ||     2
       Ration            ||     1
Armor: Robe              ||    15
Dodge: Dodged            ||    71

Table legend:
 A = Non-vault XP
 B = Vault XP
 C = Vault XP percentage of total XP
 D = Non-vault monster count
 E = Vault monster count
 F = Vault count percentage of total count
                 A         B        C        D         E       F
            +---------+---------+-------+---------+---------+-------
      Total |      70 |       0 |   0.0 |      31 |       0 |   0.0
            +---------+---------+-------+---------+---------+-------
        D:1 |      26 |       0 |   0.0 |      17 |       0 |   0.0
        D:2 |      44 |       0 |   0.0 |      14 |       0 |   0.0
            +---------+---------+-------+---------+---------+-------
